 Dungeon Crawl Stone Soup version 0.26-a0-752-gcff87cac9a (webtiles) character file.

Game seed: 706799834368143784

34 Antenora the Skirmisher (level 3, -2/33 HPs)
             Began as a Draconian Abyssal Knight on Nov 6, 2020.
             Was a Follower of Lugonu.
             Slain by Terence
             ... wielding a +0 flail
              (3 damage)
             ... on level 2 of the Dungeon.
             The game lasted 00:03:58 (626 turns).

Antenora the Skirmisher (Draconian Abyssal Knight)   Turns: 626, Time: 00:03:58

Health: -2/33      AC:  5    Str: 15    XL:     3   Next: 14%
Magic:  4/4        EV: 12    Int: 12    God:    Lugonu [*.....]
Gold:   20         SH:  0    Dex: 10    Spells: 2/2 levels left

rFire    . . .     SeeInvis .   a - +1 falchion
rCold    . . .     Faith    .   (no shield)
rNeg     . . .     Spirit   .   (armour unavailable)
rPois    .         Reflect  .   (helmet restricted)
rElec    .         Harm     .   (no cloak)
rCorr    .         Rampage  .   (no gloves)
MR       .....                  (no boots)
Stlth    +.........             (no amulet)
HPRegen  0.11/turn              (no ring)
MPRegen  0.09/turn              (no ring)

@: attractive
A: unfitting armour, cold-blooded, AC +5
a: Depart the Abyss, Renounce Religion


You were on level 2 of the Dungeon.
You worshipped Lugonu.
Lugonu was aware of your devotion.
You visited 1 branch of the dungeon, and saw 2 of its levels.
You visited the Abyss 1 time.

You collected 20 gold pieces.

Inventory:

Hand Weapons
 a - a +1 falchion (weapon)
Scrolls
 c - a scroll of enchant armour


   Skills:
 + Level 3.9 Fighting
 + Level 2.3 Long Blades
 + Level 2.4 Dodging
 * Level 2.5 Invocations


You had 2 spell levels left.
You didn't know any spells.
Your spell library was empty.

Dungeon Overview and Level Annotations

Branches:
Dungeon (2/15)

Altars:

Annotations:
D:2 Terence


Innate Abilities, Weirdness & Mutations

Your plain brown scales are hard. (AC +5)
You cannot fit into any form of body armour.
You are cold-blooded and may be slowed by cold attacks.


Message History

Terence closely misses you.
You hit Terence but do no damage.
Terence is lightly wounded.
Terence hits you but does no damage.
You barely miss Terence.
Terence is lightly wounded.
Terence closely misses you.
You riposte.
You hit Terence.
You tail-slap Terence, but do no damage.
Terence is heavily wounded.
You hit Terence but do no damage.
Terence is heavily wounded.
Terence hits you with a +0 flail.
* * * LOW HITPOINT WARNING * * *
You barely miss Terence.
Terence is heavily wounded.
Terence closely misses you.
You hit Terence.
Terence is heavily wounded.
Terence hits you with a +0 flail.
You die...

..# ########.#
#.....@#.# ##
#.####@#.# ...
#..#†#.# .... #
#...)#.###.....
#.#....#.........
.#......)(.......<
.............>....
.......<..........
#############@###.


You could see Terence.

Vanquished Creatures
  A gnoll (D:1)
  A dart slug (D:1)
  A leopard gecko (D:1)
  3 bats (D:1)
  A giant cockroach (D:1)
  2 goblins
  A hobgoblin (D:1)
  4 kobolds
  2 quokkas (D:2)
  A frilled lizard (D:1)
  3 rats (D:1)
20 creatures vanquished.

Notes
Turn   | Place    | Note
-------+----------+-------------------------------------------
     0 | Abyss:1  | Antenora the Draconian Abyssal Knight began the quest for
                  | the Orb.
     0 | Abyss:1  | Reached XP level 1. HP: 19/19 MP: 2/2
    27 | Abyss:1  | Found a corrupted altar of Lugonu.
    76 | Abyss:1  | Noticed a thrashing horror
    77 | D:1      | Escaped the Abyss
   283 | D:1      | Reached XP level 2. HP: 11/26 MP: 3/3
   361 | D:1      | Reached * piety under Lugonu
   495 | D:1      | Reached XP level 3. HP: 29/33 MP: 4/4
   604 | D:2      | Noticed Terence
   624 | D:2      | HP: 1/33 [Terence/+0 flail (6)]
   626 | D:2      | Slain by Terence

Illustrated notes

Levels and vault maps discovered:
D:1:      minmay_arrival_widening_spiral_narrow, layout_basic,
          minmay_pentomino_q2
D:2:      layout_basic, uniq_terence

Action                   || total
-------------------------++-------
Melee: Falchion          ||    44
       Tailslap          ||     5
Invok: Depart the Abyss  ||     1
  Use: Scroll            ||     3
       Potion            ||     2
 Stab: Sleeping          ||     1
Armor: Skin              ||    16
Dodge: Dodged            ||    33
       Rpst.: Falchion   ||    12

Table legend: (Time is in decaauts)
 A = Elapsed time spent in this place.
 B = Non-inter-level travel time spent in this place.
 C = Inter-level travel time spent in this place.
 D = Time resting spent in this place.
 E = Time spent auto-exploring this place.
 F = Levels seen in this place.
 G = Mean time per level.
                   A        B        C        D        E       F      G
               +--------+--------+--------+--------+--------+-----+--------+
         Total |    633 |    633 |      0 |      0 |      0 |   3 |  211.0 |
       Dungeon |    556 |    556 |      0 |      0 |      0 |   2 |  278.0 |
         Abyss |     77 |     77 |      0 |      0 |      0 |   1 |   77.0 |
               +--------+--------+--------+--------+--------+-----+--------+

Top non-repeatable levels by time:
     D:1: 522 daAuts
 Abyss:1: 77 daAuts
     D:2: 34 daAuts
